 Dungeon Crawl Stone Soup version 0.20-a0-1127-g1289703 (webtiles) character file.

507 Naow the Conjurer (level 7, -5/41 HPs)
             Began as an Octopode Fire Elementalist on May 18, 2017.
             Slain by a two-headed ogre
             ... wielding a +0 giant spiked club
              (21 damage)
             ... on level 4 of the Dungeon.
             The game lasted 00:05:02 (3744 turns).

Naow the Conjurer (Octopode Fire Elementalist)      Turns: 3744, Time: 00:05:03

Health: -5/41      AC:  1    Str:  7    XL:     7   Next: 18%
Magic:  1/13       EV: 13    Int: 19    God:
Gold:   131        SH:  0    Dex: 13    Spells: 5/15 levels left

rFire    . . .     SeeInvis .   (no weapon)
rCold    . . .     Gourm    .   (no shield)
rNeg     . . .     Faith    .   (helmet restricted)
rPois    .         Spirit   .   o - amulet of magic regeneration
rElec    .         Reflect  .   (no ring)
rCorr    .         Harm     .   (no ring)
MR       .....                  (no ring)
Stlth    +++.......             (no ring)
Regen    0.2/turn               (no ring)
MPRegen  0.2/turn               (no ring)
                                (no ring)
                                (no ring)

@: no status effects
A: almost no armour, stealthy swim, amphibious, 8 rings, constrict 8, camouflage
1, gelatinous body 1
a: no special abilities


You were on level 4 of the Dungeon.
You were not hungry.

You visited 1 branch of the dungeon, and saw 4 of its levels.

You collected 131 gold pieces.

Inventory:

Jewellery
 n - an uncursed amulet of regeneration
 o - an amulet of magic regeneration (around mantle)
Scrolls
 e - 2 scrolls of teleportation {unknown}
 f - a scroll of blinking {unknown}
 i - a scroll of remove curse {unknown}
 j - 5 scrolls of identify {unknown}
 k - a scroll of magic mapping {unknown}
Potions
 c - a potion of brilliance {unknown}
 d - 2 potions of curing
 g - a potion of flight {unknown}
 h - 2 potions of heal wounds {unknown}
 l - 2 potions of lignification {unknown}
 p - a potion of agility {unknown}
Books
 a - a book of Flames

   Spells                             Type                      Level
   a - Flame Tongue                   Conjuration/Fire             1
   b - Throw Flame                    Conjuration/Fire             2
   c - Conjure Flame                  Conjuration/Fire             3
   d - Inner Flame                    Hexes/Fire                   3
   e - Sticky Flame                   Conjuration/Fire             4
   f - Fireball                       Conjuration/Fire             5
Comestibles
 b - 3 bread rations
 m - a meat ration


   Skills:
 - Level 2.0 Dodging
 - Level 2.6 Stealth
 * Level 4.6 Spellcasting
 * Level 4.8 Conjurations
 + Level 4.2 Fire Magic


You had 5 spell levels left.
You knew the following spells:

 Your Spells              Type           Power        Failure   Level  Hunger
a - Flame Tongue          Conj/Fire      ###..        1%          1    None
b - Throw Flame           Conj/Fire      ###...       3%          2    #......
c - Conjure Flame         Conj/Fire      ###.....     6%          3    ###....
d - Sticky Flame          Conj/Fire      ###.....     21%         4    ####...


Dungeon Overview and Level Annotations

Branches:
Dungeon (4/15)
 Temple: D:4-7

Altars:
Gozag

Annotations:
D:3 1 runed door


Innate Abilities, Weirdness & Mutations

You cannot wear most types of armour.
You are very stealthy in the water. (Stealth+)
You are amphibious.
You can wear up to eight rings at the same time.
You can use your tentacles to constrict eight enemies at once.
Your skin changes colour to match your surroundings (Stealth+).
Your rubbery body absorbs attacks. (AC +1, EV +1)


Message History

The two-headed ogre burns!
The two-headed ogre stops burning.
Found a scale mail.
You see here a scale mail.
Casting: Sticky Flame
Confirm with . or Enter, or press ? or * to list all spells.
Aiming: Throw Flame
Press: ? - help, Shift-Dir - straight line, f/p - two-headed ogre
Aim: a two-headed ogre, wielding a giant spiked club and a dire flail (severely wounded)
The puff of flame hits the two-headed ogre.
The two-headed ogre is severely wounded.
The two-headed ogre misses you.
The two-headed ogre hits you with a dire flail!
Casting: Throw Flame
Confirm with . or Enter, or press ? or * to list all spells.
You don't have enough magic to cast that spell.
You tentacle-slap the two-headed ogre but do no damage.
The two-headed ogre is severely wounded.
The two-headed ogre hits you with a giant spiked club!!
Ouch! That really hurt!
You die...

#######
####..@..##
..#...O[..##
............#
..#.........#
#...........#
###.........#
#.........#
#.........#
#.........#


You could see a two-headed ogre.

Vanquished Creatures
  Grinder (D:3)
  The ghost of StormFighter the Sneak, an amateur SpEn (D:3)
  A scorpion (D:2)
  A howler monkey (D:4)
  An orc priest (D:3)
  A bullfrog skeleton (D:1)
  A gnoll (D:1)
  An adder (D:3)
  2 oozes (D:1)
  2 worms
  3 dart slugs
  3 leopard geckos
  4 orcs (D:3)
  2 ball pythons
  A giant cockroach (D:1)
  7 goblins
  10 hobgoblins
  2 quokkas (D:3)
  2 bats (D:3)
  2 frilled lizards (D:1)
  A jackal skeleton (D:4)
  6 kobolds
  9 rats
  A fungus (D:3)
65 creatures vanquished.

Notes
Turn   | Place    | Note
-------+----------+-------------------------------------------
     0 | D:1      | Naow the Octopode Fire Elementalist began the quest for the Orb.
     0 | D:1      | Reached XP level 1. HP: 11/11 MP: 3/3
   148 | D:1      | Reached XP level 2. HP: 17/17 MP: 3/5
   592 | D:1      | Reached XP level 3. HP: 21/21 MP: 3/6
  1044 | D:1      | Reached XP level 4. HP: 15/27 MP: 2/8
  1508 | D:1      | Learned a level 2 spell: Throw Flame
  1512 | D:1      | Learned a level 3 spell: Conjure Flame
  1839 | D:2      | Found a faded altar of an unknown god.
  2368 | D:3      | Found an opulent altar of Gozag.
  2463 | D:3      | Noticed StormFighter's ghost (amateur SpEn)
  2469 | D:3      | Killed StormFighter's ghost
  2469 | D:3      | Reached XP level 5. HP: 16/31 MP: 3/10
  2666 | D:3      | Learned a level 4 spell: Sticky Flame
  3136 | D:3      | Noticed Grinder
  3142 | D:3      | Killed Grinder
  3142 | D:3      | Reached XP level 6. HP: 10/36 MP: 4/12
  3336 | D:3      | Found a runed door.
  3376 | D:4      | Reached XP level 7. HP: 41/41 MP: 4/13
  3720 | D:4      | Noticed a two-headed ogre
  3744 | D:4      | Slain by a two-headed ogre

Vault maps used:
D:1:      kilobyte_arrival_exit_the_forest
D:2:      chequers_ecumenical_altar_island
D:3:      first_bread, grunt_gozag_statues, uniq_grinder,
          uniq_crazy_yiuf_cottage
D:4:      amethyst_overflow_temple_binary,
          minmay_temple_entry_statues_fountains, serial_shops, shop,
          uniq_sigmund

Skill      XL: |  1  2  3  4  5 |
---------------+----------------+-----
Conjurations   | 2 3 4 |  4.8
Spellcasting   | 3 4 |  4.6
Fire Magic     | 4 |  4.2
Dodging        | |  2.0
Stealth        | |  2.6

Action                   |  1- 3 |  4- 6 |  7- 9 || total
-------------------------+-------+-------+-------++-------
Melee: Unarmed           |     3 |    19 |     1 ||    23
       Tentacles         |     1 |     3 |       ||     4
       Constrict         |       |     3 |       ||     3
 Cast: Flame Tongue      |    34 |    81 |     4 ||   119
       Throw Flame       |       |     2 |     8 ||    10
       Sticky Flame      |       |       |     2 ||     2
  Use: Potion            |       |       |     1 ||     1
  Eat: Chunk             |       |     7 |     2 ||     9
Armor: Skin              |       |     1 |       ||     1
Dodge: Dodged            |     9 |    23 |     6 ||    38
